 Dungeon Crawl Stone Soup version 0.30.0-20-g3615ddf2f0 (webtiles) character file.

Game seed: 7763859020200625536

33789 qw the Cleaver (level 13, -5/84 HPs)
             Began as a Gargoyle Fighter on June 1, 2023.
             Was a Priest of Okawaru.
             Killed from afar by a starcursed mass (8 damage)
             ... with an accursed screaming
             ... on level 1 of the Abyss.
             The game lasted 00:08:41 (15903 turns).

qw the Cleaver (Gargoyle Fighter)                  Turns: 15903, Time: 00:08:41

Health: -5/84      AC: 26    Str: 23    XL:     13   Next: 73%
Magic:  18/19      EV:  9    Int: 11    God:    Okawaru [***...]
Gold:   504        SH:  6    Dex:  9    Spells: 12/12 levels left

rFire   + + .        Y - +5 war axe
rCold   . . .        c - +0 buckler
rNeg    + + .        u - +0 plate armour
rPois   inf          h - +2 hat
rElec   +            t - scarf {repulsion}
rCorr   .            r - +0 pair of gloves of Ennui {rF+}
SInv    +            o - +0 pair of boots
Will    .....        (no amulet) Stlth
                     m - ring of see invisible
HPRegen 0.34/turn    v - ring "Ileith" {rPois rF+ rN+ Stlth+}
MPRegen 0.16/turn

%: repel missiles
@: about to teleport, heroic
A: sickness immunity, AC +9, negative energy resistance 1, electricity
resistance, torment resistance 1, petrification resistance, deformed body
a: Renounce Religion, Heroism


You were on level 1 of the Abyss.
You worshipped Okawaru.
Okawaru was most pleased with you.
You visited 2 branches of the dungeon, and saw 14 of its levels.
You visited the Abyss 1 time.

You collected 789 gold pieces.
You spent 285 gold pieces at shops.


Innate Abilities, Weirdness & Mutations

You are immune to sickness and miasma.
Your stone body is resilient. (AC +9)
You are immune to poison.
You resist negative energy. (rN+)
You are resistant to electric shocks. (rElec)
You are resistant to unholy torment.
You are immune to petrification.
Armour fits poorly on your strangely shaped body.


   Skills:
 - Level 11.0(16.0) Fighting
 + Level 14.2(19.2) Axes
 - Level 5.1(10.1) Throwing
 - Level 10.1(15.1) Armour
 - Level 2.2(7.2) Dodging
 - Level 7.0(12.0) Shields
 - Level 9.0 Invocations


You had 12 spell levels left.
You didn't know any spells.
Your spell library was empty.

Inventory:

Hand Weapons
 l - a +0 hand axe of flaming
 Y - a +5 war axe (weapon)
Armour
 c - a +0 buckler (worn)
 h - a +2 hat (worn)
 o - a +0 pair of boots (worn)
 r - the +0 pair of gloves of Ennui (worn) {rF+}
   (You found it on level 4 of the Dungeon)

   rF:        It protects you from fire.
 t - a scarf of repulsion (worn)
 u - a +0 plate armour (worn)
 x - the +0 cloak of the Orb Guardian {Dex+2}
   (You found it on level 2 of the Lair of Beasts)

   Dex:       It affects your dexterity (+2).
Jewellery
 b - a ring of positive energy
 i - a ring of protection from fire
 m - a ring of see invisible (left hand)
 v - the ring "Ileith" (right hand) {rPois rF+ rN+ Stlth+}
   (You found it on level 9 of the Dungeon)

   [ring of positive energy]

   rF:        It protects you from fire.
   rPois:     It protects you from poison.
   rN:        It protects you from negative energy.
   Stlth:     It makes you more stealthy.
 w - a ring of flight
Scrolls
 e - a scroll of teleportation
 n - 8 scrolls of identify
Potions
 a - a potion of lignification
 d - 2 potions of might
 f - a potion of attraction
 g - 2 potions of magic
 j - 12 potions of curing
 k - 2 potions of resistance
 q - 3 potions of haste
 s - 2 potions of cancellation

Dungeon Overview and Level Annotations

Branches:
Dungeon (10/15)            Temple (0/1) D:6            Lair (4/5) D:10
 Shoals (0/4) Lair:3       Spider (0/4) Lair:3          Orc (0/2) D:10
  Slime: Lair:4-5

Altars:
Ashenzari
Fedhas
Gozag
Hepliaklqana
Makhleb
Nemelex Xobeh
Okawaru
Qazlal
Trog
Vehumet
Wu Jian
Xom
Zin

Shops:
D:2 :   D:8 :?*

Annotations:
D:3 1 runed translucent door, Crazy Yiuf
Lair:4 Sonja


Message History

The white imp hits you but does no damage.
You slash the death drake!
The death drake is heavily wounded.
You hit the starcursed mass. You hit the white imp but do no damage.
You hit the starcursed mass.
The starcursed mass shudders and is absorbed by its neighbour. x2
The death drake bites you but does no damage.
The white imp gestures at you. The puff of frost hits you!
You barely miss the death drake.
The death drake is heavily wounded.
You hit the starcursed mass. You slash the raiju! You slash the white imp!
You kill the white imp!
Okawaru accepts your kill.
The starcursed mass shudders and is absorbed by its neighbour.
The raiju barely misses you.
The death drake bites you but does no damage.
You barely miss the raiju.
The raiju is severely wounded.
You hit the raiju but do no damage. You hit the starcursed mass.
You miss the death drake.
The starcursed mass shudders and withdraws towards its neighbour.
The orc sorcerer gestures wildly while chanting.
You block the raiju's attack. x2
The death drake bites you but does no damage.
A starcursed mass splits.
You slice the raiju!!
You kill the raiju!
Okawaru accepts your kill.
You closely miss the death drake. You hit the raiju.
You slash the starcursed mass!
The starcursed mass shudders and is absorbed by its neighbour.
You hit the raiju.
The raiju is heavily wounded.
You closely miss the neqoxec. You slash the death drake!
You hit the orc sorcerer. The death drake bites you!
The raiju closely misses you.
A starcursed mass splits.
A chorus of shrieks assaults your mind.
You die...

### .# ### # .
# #5... # . .
.#. #.## ###
..o..###.##
#..##.3### #.#
.
...#.#k.##....#
......o@3....#
.#.#.#.hX#.....
# ###X..#... .#
ยค ....# # .#
.. . #...... #
.#. . ..#.#..
..# . #...#. #
.. . #.... # .
## .##


You could see 2 starcursed masses, a death drake, a raiju, a neqoxec, a ynoxinul
(summoned) and an orc sorcerer.

Vanquished Creatures
  A hydra (Lair:3)
  A catoblepas (Lair:4)
  2 boulder beetles
  A death yak (Lair:3)
  Urug (Lair:3)
  A skyshark (Lair:4)
  An orc knight (D:10)
  Pikel (D:4)
  A necromancer (Lair:3)
  A manticore (Lair:3)
  2 large abominations (Abyss:1)
  A torpor snail (Lair:3)
  4 black mambas
  7 elephants (Lair:2)
  6 cane toads
  2 smoke demons (Abyss:1)
  Psyche (D:8)
  3 rime drakes (Lair:2)
  5 komodo dragons
  A kobold demonologist (D:10)
  A wind drake (Lair:3)
  A troll (D:10)
  2 polar bears
  3 raiju (Abyss:1)
  2 hornets
  Prince Ribbit (D:7)
  12 blink frogs
  3 jumping spiders (Lair:3)
  Sigmund (D:2)
  5 flying skulls (Abyss:1)
  A shadow (D:10)
  A wraith (D:9)
  2 wyverns
  23 yaks
  3 basilisks
  6 steam dragons
  2 redbacks (Lair:3)
  2 hell hounds (Lair:2)
  16 water moccasins
  6 black bears
  An elephant zombie (Lair:3)
  Duvessa (D:5)
  3 orc warriors
  6 wolves (Lair:1)
  6 centaurs
  A phantom (D:5)
  16 bullfrogs
  A komodo dragon zombie (Lair:3)
  A scorpion (D:6)
  A small abomination (Abyss:1)
  A necrophage (D:7)
  4 wights (D:6)
  Dowan (D:5)
  14 killer bees
  4 electric eels
  A quasit (Abyss:1)
  A gnoll bouda (D:5)
  3 orc priests (D:10)
  A basilisk zombie (Lair:3)
  7 hounds
  4 iguanas
  Natasha (thrice) (D:4)
  11 orc wizards
  A sleepcap (D:8)
  A hound skeleton (D:7)
  Robin (D:4)
  13 gnolls
  5 adders
  A shadow imp (D:7)
  4 white imps
  3 ufetubi
  4 worms
  3 dart slugs
  37 orcs
  8 endoplasms
  2 giant cockroaches
  16 goblins
  10 hobgoblins
  11 kobolds
  7 quokkas
  5 ball pythons
  5 bats
  7 frilled lizards
  8 rats
380 creatures vanquished.

Vanquished Creatures (others)
  A bullfrog (Lair:3)
  A lurking horror (Abyss:1)
2 creatures vanquished.

Grand Total: 382 creatures vanquished

Notes
Turn   | Place    | Note
-------+----------+-------------------------------------------
     0 | D:1      | qw the Gargoyle Fighter began the quest for the Orb.
     0 | D:1      | Reached XP level 1. HP: 14/14 MP: 1/1
     0 | D:1      | 0 ||| qw: Version: 0.2-a-102-gdf20003
     0 | D:1      | 0 ||| qw: Game counter: 756
     0 | D:1      | 0 ||| qw: Always use a shield: true
     0 | D:1      | 0 ||| qw: God list: Okawaru
     0 | D:1      | 0 ||| qw: Allow faded altars: false
     0 | D:1      | 0 ||| qw: Do Orc after D:15 true
     0 | D:1      | 0 ||| qw: Do second Lair branch before Depths: true
     0 | D:1      | 0 ||| qw: Lair rune preference: random
     0 | D:1      | 0 ||| qw: Plans: Normal, Zot:1-4, Slime:5, God:TSO, Crypt,
                  | Tomb, Pan, Hells, Abyss, Win
     0 | D:1      | 0 ||| PLANNING D:1-11
    75 | D:1      | Reached skill level 2 in Axes
    90 | D:1      | 90 ||| Stepping ~*~*~tactically~*~*~ (stealth).
   101 | D:1      | Reached XP level 2. HP: 10/19 MP: 2/2
   232 | D:1      | 232 ||| Stepping ~*~*~tactically~*~*~ (hiding).
   234 | D:1      | 234 ||| Stepping ~*~*~tactically~*~*~ (hiding).
   409 | D:1      | Reached skill level 3 in Axes
   468 | D:1      | Reached XP level 3. HP: 23/23 MP: 3/3
   567 | D:1      | 567 ||| DROPPING +0 club.
   898 | D:1      | 898 ||| DROPPING +0 leather armour of poison resistance.
   899 | D:1      | 899 ||| READING scroll labelled KUZUVI FIDOG.
   900 | D:1      | 900 ||| READING scroll labelled NEFROY BEHUN.
   901 | D:1      | 901 ||| READING scroll labelled KEZXEU XUNOSTA.
   902 | D:1      | 902 ||| READING scroll labelled DUUGAHIARGH.
   977 | D:2      | Noticed Sigmund
   992 | D:2      | Killed Sigmund
   993 | D:2      | Reached skill level 5 in Axes
   993 | D:2      | Reached XP level 4. HP: 9/28 MP: 4/4
   993 | D:2      | Reached XP level 5. HP: 11/32 MP: 5/5
  1102 | D:2      | Found Duxzealo's Vocational Training.
  1103 | D:2      | 1103 ||| Stepping ~*~*~tactically~*~*~ (hiding).
  1153 | D:2      | 1153 ||| Stepping ~*~*~tactically~*~*~ (hiding).
  1155 | D:2      | 1155 ||| Stepping ~*~*~tactically~*~*~ (hiding).
  1156 | D:2      | 1156 ||| Stepping ~*~*~tactically~*~*~ (hiding).
  1186 | D:2      | 1186 ||| Stepping ~*~*~tactically~*~*~ (stealth).
  1194 | D:2      | 1194 ||| Stepping ~*~*~tactically~*~*~ (stealth).
  1196 | D:2      | 1196 ||| Stepping ~*~*~tactically~*~*~ (stealth).
  1288 | D:2      | 1288 ||| Stepping ~*~*~tactically~*~*~ (stealth).
  1464 | D:2      | Reached XP level 6. HP: 38/38 MP: 6/6
  1490 | D:2      | 1490 ||| UPGRADING to +2 hat.
  1495 | D:2      | 1495 ||| DROPPING +6 ring of intelligence.
  1496 | D:2      | 1496 ||| UPGRADING to ring of see invisible.
  1497 | D:2      | 1497 ||| READING scroll labelled NIPSIE MYAJOFU.
  1498 | D:2      | 1498 ||| READING scroll labelled HYCUXOCELI.
  1526 | D:2      | 1526 ||| READING scroll labelled BIKULY XYCOJUMM.
  1661 | D:3      | 1661 ||| Stepping ~*~*~tactically~*~*~ (hiding).
  1684 | D:3      | 1684 ||| Stepping ~*~*~tactically~*~*~ (stealth).
  1751 | D:3      | Found a sparkling altar of Nemelex Xobeh.
  1828 | D:3      | Reached skill level 1 in Dodging
  2041 | D:3      | Found a runed translucent door.
  2042 | D:3      | Noticed Crazy Yiuf
  2102 | D:3      | 2102 ||| Stepping ~*~*~tactically~*~*~ (hiding).
  2139 | D:3      | 2139 ||| DROPPING +0 mace.
  2455 | D:3      | 2455 ||| UPGRADING to +0 chain mail.
  2465 | D:3      | 2465 ||| DROPPING +0 scale mail.
  2466 | D:3      | 2466 ||| DROPPING ring of magical power.
  2467 | D:3      | 2467 ||| READING scroll labelled BIMAPE FODU.
  2568 | D:3      | 2568 ||| READING 2 scrolls labelled TIRUFA KUTYU.
  2569 | D:3      | 2569 ||| DRINKING 3 cyan potions.
  2570 | D:3      | 2570 ||| DROPPING scroll of poison.
  2615 | D:4      | 2615 ||| Stepping ~*~*~tactically~*~*~ (stealth).
  2616 | D:4      | 2616 ||| Stepping ~*~*~tactically~*~*~ (stealth).
  2632 | D:4      | Noticed Pikel
  2649 | D:4      | HP: 5/38 [lemure[Pikel] (7)]
  2651 | D:4      | Killed Pikel
  2651 | D:4      | Noticed Natasha
  2652 | D:4      | Reached skill level 7 in Axes
  2652 | D:4      | Reached XP level 7. HP: 7/43 MP: 7/7
  2652 | D:4      | 2652 ||| Stepping ~*~*~tactically~*~*~ (stealth).
  2678 | D:4      | 2678 ||| Stepping ~*~*~tactically~*~*~ (stealth).
  2686 | D:4      | Killed Natasha
  2694 | D:4      | 2694 ||| FLEEEEING.
  2695 | D:4      | 2695 ||| FLEEEEING.
  2698 | D:4      | 2698 ||| FLEEEEING.
  2700 | D:4      | 2700 ||| STAIRDANCE
  2838 | D:4      | Noticed Natasha
  2839 | D:4      | 2839 ||| Stepping ~*~*~tactically~*~*~ (stealth).
  2847 | D:4      | 2847 ||| Stepping ~*~*~tactically~*~*~ (hiding).
  2859 | D:4      | Killed Natasha
  2863 | D:4      | 2863 ||| FLEEEEING.
  2866 | D:4      | 2866 ||| STAIRDANCE
  3015 | D:4      | Noticed Natasha
  3016 | D:4      | 3016 ||| Stepping ~*~*~tactically~*~*~ (hiding).
  3019 | D:4      | 3019 ||| Stepping ~*~*~tactically~*~*~ (hiding).
  3020 | D:4      | 3020 ||| Stepping ~*~*~tactically~*~*~ (hiding).
  3024 | D:4      | Killed Natasha
  3070 | D:4      | Reached XP level 8. HP: 49/49 MP: 8/8
  3221 | D:4      | 3221 ||| Stepping ~*~*~tactically~*~*~ (stealth).
  3227 | D:4      | 3227 ||| Stepping ~*~*~tactically~*~*~ (stealth).
  3233 | D:4      | 3233 ||| Stepping ~*~*~tactically~*~*~ (stealth).
  3234 | D:4      | 3234 ||| Stepping ~*~*~tactically~*~*~ (stealth).
  3241 | D:4      | 3241 ||| Stepping ~*~*~tactically~*~*~ (stealth).
  3273 | D:4      | 3273 ||| Stepping ~*~*~tactically~*~*~ (hiding).
  3349 | D:4      | Found an ornate altar of the Wu Jian Council.
  3543 | D:4      | Noticed Robin
  3545 | D:4      | Killed Robin
  3597 | D:4      | Identified the +0 pair of gloves of Ennui {rF+}
  3640 | D:4      | 3640 ||| UPGRADING to +0 pair of gloves.
  3645 | D:4      | 3645 ||| UPGRADING to +0 pair of boots.
  3650 | D:4      | 3650 ||| UPGRADING to +0 pair of gloves of Ennui {rF+}.
  3660 | D:4      | 3660 ||| DROPPING +0 pair of gloves.
  3661 | D:4      | 3661 ||| UPGRADING to ring of protection from fire.
  3662 | D:4      | 3662 ||| DRINKING 2 black potions.
  3663 | D:4      | 3663 ||| READING 2 scrolls of identify.
  3663 | D:4      | 3663 ||| IDENTIFYING inky potion
  3686 | D:5      | Entered Level 5 of the Dungeon
  3744 | D:5      | Identified the +6 scale mail "Ashraruek" {Rampage Str-4
                  | Int+7 SInv}
  3825 | D:5      | Reached skill level 8 in Axes
  3974 | D:5      | Noticed Duvessa
  3974 | D:5      | Noticed Dowan
  3984 | D:5      | Killed Duvessa
  3988 | D:5      | HP: 9/50 [Dowan/shard of ice (9)]
  3988 | D:5      | HP: 1/50 [constriction (4)]
  3989 | D:5      | Killed Dowan
  4025 | D:5      | 4025 ||| Stepping ~*~*~tactically~*~*~ (stealth).
  4030 | D:5      | HP: 10/51 [bullfrog (2)]
  4035 | D:5      | Reached skill level 6 in Fighting
  4392 | D:5      | 4392 ||| Stepping ~*~*~tactically~*~*~ (stealth).
  4392 | D:5      | Found an iron altar of Okawaru.
  4393 | D:5      | 4393 ||| PLANNING OKAWARU WORSHIP
  4393 | D:5      | 4393 ||| Stepping ~*~*~tactically~*~*~ (stealth).
  4395 | D:5      | 4395 ||| Stepping ~*~*~tactically~*~*~ (stealth).
  4396 | D:5      | 4396 ||| Stepping ~*~*~tactically~*~*~ (hiding).
  4427 | D:5      | 4427 ||| Stepping ~*~*~tactically~*~*~ (stealth).
  4428 | D:5      | 4428 ||| Stepping ~*~*~tactically~*~*~ (stealth).
  4472 | D:5      | 4472 ||| READING 2 scrolls labelled LEFIDY FED ZIA.
  4473 | D:5      | 4473 ||| DRINKING 2 metallic ruby potions.
  4474 | D:5      | 4474 ||| DROPPING scroll of immolation.
  4479 | D:5      | Became a worshipper of Warmaster Okawaru
  4479 | D:5      | 4479 ||| PLANNING D:1-11
  4493 | D:5      | Reached XP level 9. HP: 55/55 MP: 9/9
  4548 | D:5      | Reached skill level 9 in Axes
  4646 | D:5      | 4646 ||| Stepping ~*~*~tactically~*~*~ (stealth).
  4678 | D:5      | 4678 ||| READING scroll labelled NEQAWN COENOPH.
  4679 | D:5      | 4679 ||| DRINKING 2 glowing green potions.
  4680 | D:5      | 4680 ||| DROPPING potion of brilliance.
  4822 | D:6      | Found a broken altar of Ashenzari.
  4825 | D:6      | 4825 ||| Stepping ~*~*~tactically~*~*~ (hiding).
  4827 | D:6      | 4827 ||| Stepping ~*~*~tactically~*~*~ (hiding).
  4834 | D:6      | Reached * piety under Okawaru
  4936 | D:6      | Found a staircase to the Ecumenical Temple.
  5132 | D:6      | Found an opulent altar of Gozag.
  5285 | D:6      | 5285 ||| INVOKING Heroism.
  5291 | D:6      | Reached skill level 1 in Invocations
  5364 | D:6      | 5364 ||| Stepping ~*~*~tactically~*~*~ (hiding).
  5366 | D:6      | 5366 ||| Stepping ~*~*~tactically~*~*~ (hiding).
  5367 | D:6      | 5367 ||| Stepping ~*~*~tactically~*~*~ (hiding).
  5445 | D:6      | 5445 ||| Stepping ~*~*~tactically~*~*~ (stealth).
  5446 | D:6      | 5446 ||| Stepping ~*~*~tactically~*~*~ (stealth).
  5496 | D:6      | 5496 ||| SWAPPING to +3 war axe.
  5497 | D:6      | 5497 ||| DROPPING +0 flail.
  5498 | D:6      | 5498 ||| DROPPING +0 war axe of freezing.
  5679 | D:6      | 5679 ||| DRINKING 2 dark potions.
  5784 | D:6      | 5784 ||| READING 2 scrolls of identify.
  5784 | D:6      | 5784 ||| IDENTIFYING blue potion
  5785 | D:6      | 5785 ||| DROPPING potion of berserk rage.
  5812 | D:7      | Reached skill level 3 in Invocations
  5852 | D:7      | Noticed Prince Ribbit
  5853 | D:7      | 5853 ||| INVOKING Heroism.
  5873 | D:7      | Killed Prince Ribbit
  5929 | D:7      | 5929 ||| INVOKING Heroism.
  5931 | D:7      | Reached skill level 10 in Axes
  6210 | D:7      | Reached XP level 10. HP: 58/63 MP: 13/13
  6304 | D:7      | Found a hazy altar of Hepliaklqana.
  6305 | D:7      | Found a bloodstained altar of Trog.
  6414 | D:7      | 6414 ||| INVOKING Heroism.
  6566 | D:7      | 6566 ||| Stepping ~*~*~tactically~*~*~ (stealth).
  6585 | D:7      | Found a radiant altar of Vehumet.
  6646 | D:7      | Found a burning altar of Makhleb.
  6825 | D:7      | 6825 ||| Stepping ~*~*~tactically~*~*~ (hiding).
  7029 | D:8      | Reached ** piety under Okawaru
  7031 | D:8      | Found Hofiedd's Magic Scroll Shop.
  7035 | D:8      | 7035 ||| Stepping ~*~*~tactically~*~*~ (stealth).
  7153 | D:8      | 7153 ||| SHOPLISTING scroll of acquirement (676 gold, have
                  | 435).
  7153 | D:8      | 7153 ||| BUYING scroll of identify (26 gold).
  7153 | D:8      | Bought a scroll of identify for 26 gold pieces
  7153 | D:8      | 7153 ||| BUYING scroll of identify (26 gold).
  7153 | D:8      | Bought a scroll of identify for 26 gold pieces
  7153 | D:8      | 7153 ||| BUYING scroll of identify (26 gold).
  7153 | D:8      | Bought a scroll of identify for 26 gold pieces
  7153 | D:8      | 7153 ||| BUYING scroll of identify (26 gold).
  7153 | D:8      | Bought a scroll of identify for 26 gold pieces
  7159 | D:8      | 7159 ||| INVOKING Heroism.
  7188 | D:8      | 7188 ||| DROPPING +2 flail.
  7266 | D:8      | Found Rouhuji's Book Boutique.
  7282 | D:8      | Noticed Psyche
  7283 | D:8      | 7283 ||| Stepping ~*~*~tactically~*~*~ (stealth).
  7287 | D:8      | 7287 ||| INVOKING Heroism.
  7300 | D:8      | Killed Psyche
  7301 | D:8      | 7301 ||| INVOKING Heroism.
  7305 | D:8      | Reached skill level 11 in Axes
  7513 | D:8      | Found Puepuym's Assorted Antiques.
  7518 | D:8      | 7518 ||| BUYING scroll of teleportation (69 gold).
  7518 | D:8      | Bought a scroll of teleportation for 69 gold pieces
  7518 | D:8      | 7518 ||| BUYING smoky silvery potion (20 gold).
  7518 | D:8      | Bought a smoky silvery potion for 20 gold pieces
  7518 | D:8      | 7518 ||| BUYING worn fluorescent wand (92 gold).
  7518 | D:8      | Bought a worn fluorescent wand for 92 gold pieces
  7640 | D:8      | 7640 ||| DRINKING 2 grey potions.
  7641 | D:8      | 7641 ||| READING 5 scrolls of identify.
  7641 | D:8      | 7641 ||| IDENTIFYING smoky silvery potion
  7642 | D:8      | 7642 ||| DROPPING potion of flight.
  7643 | D:8      | 7643 ||| DROPPING wand of acid (6).
  7769 | D:9      | Reached skill level 6 in Armour
  7774 | D:9      | 7774 ||| INVOKING Heroism.
  7949 | D:9      | 7949 ||| Stepping ~*~*~tactically~*~*~ (hiding).
  7959 | D:9      | 7959 ||| DRINKING 5 potions of curing.
  7959 | D:9      | 7959 ||| (to cure confusion)
  7979 | D:9      | 7979 ||| READING scroll labelled LINWAI CUIGGUA.
  8034 | D:8      | 8034 ||| INVOKING Heroism.
  8055 | D:8      | Reached skill level 9 in Fighting
  8193 | D:9      | 8193 ||| Stepping ~*~*~tactically~*~*~ (hiding).
  8197 | D:9      | 8197 ||| INVOKING Heroism.
  8427 | D:9      | 8427 ||| Stepping ~*~*~tactically~*~*~ (stealth).
  8429 | D:9      | Found a glowing silver altar of Zin.
  8445 | D:9      | Found a blossoming altar of Fedhas.
  8499 | D:9      | 8499 ||| INVOKING Heroism.
  8548 | D:9      | 8548 ||| Stepping ~*~*~tactically~*~*~ (stealth).
  8551 | D:9      | 8551 ||| Stepping ~*~*~tactically~*~*~ (stealth).
  8557 | D:9      | 8557 ||| Stepping ~*~*~tactically~*~*~ (hiding).
  8558 | D:9      | 8558 ||| Stepping ~*~*~tactically~*~*~ (hiding).
  8657 | D:9      | Reached XP level 11. HP: 53/71 MP: 14/14
  8781 | D:9      | Identified the ring "Ileith" {rPois rF+ rN+ Stlth+}
  9042 | D:9      | 9042 ||| DROPPING +6 scale mail "Ashraruek" {Rampage Str-4
                  | Int+7 SInv}.
  9043 | D:9      | 9043 ||| UPGRADING to +0 plate armour.
  9053 | D:9      | 9053 ||| DROPPING +0 chain mail.
  9054 | D:9      | 9054 ||| UPGRADING to ring "Ileith" {rPois rF+ rN+ Stlth+}.
  9056 | D:9      | 9056 ||| READING scroll labelled PENOPE RIWKUTZIMU.
  9057 | D:9      | 9057 ||| DRINKING 2 silvery potions.
  9058 | D:9      | 9058 ||| DROPPING potion of degeneration.
  9065 | D:10     | Entered Level 10 of the Dungeon
  9068 | D:10     | 9068 ||| INVOKING Heroism.
  9081 | D:10     | Reached skill level 1 in Throwing
  9127 | D:10     | Found a shimmering altar of Xom.
  9133 | D:10     | Noticed a boulder beetle
  9134 | D:10     | 9134 ||| Stepping ~*~*~tactically~*~*~ (hiding).
  9136 | D:10     | 9136 ||| INVOKING Heroism.
  9136 | D:10     | Noticed an orc knight
  9152 | D:10     | Noticed a soul eater
  9161 | D:10     | Killed an orc knight
  9166 | D:10     | Killed a boulder beetle
  9166 | D:10     | Reached *** piety under Okawaru
  9167 | D:10     | Reached skill level 3 in Throwing
  9362 | D:10     | Found a staircase to the Orcish Mines.
  9364 | D:10     | 9364 ||| Stepping ~*~*~tactically~*~*~ (stealth).
  9366 | D:10     | 9366 ||| Stepping ~*~*~tactically~*~*~ (stealth).
  9384 | D:10     | 9384 ||| INVOKING Heroism.
  9493 | D:10     | 9493 ||| INVOKING Heroism.
  9648 | D:10     | Found a staircase to the Lair.
  9653 | D:10     | 9653 ||| INVOKING Heroism.
  9693 | D:10     | 9693 ||| INVOKING Heroism.
  9720 | D:10     | 9720 ||| FLEEEEING.
  9942 | D:10     | 9942 ||| READING 7 scrolls of identify.
  9942 | D:10     | 9942 ||| IDENTIFYING viscous emerald potion
  9960 | D:10     | Reached skill level 12 in Axes
 10001 | D:10     | 10001 ||| Stepping ~*~*~tactically~*~*~ (stealth).
 10064 | D:10     | 10064 ||| INVOKING Heroism.
 10147 | D:10     | Identified the +5 falchion of Esoc {freeze, MP+9 Str+3}
 10204 | D:10     | Found a stormy altar of Qazlal.
 10311 | D:10     | 10311 ||| PLANNING LAIR
 10311 | D:10     | 10311 ||| READING 8 scrolls of identify.
 10311 | D:10     | 10311 ||| IDENTIFYING murky golden potion
 10335 | Lair:1   | Entered Level 1 of the Lair of Beasts
 10400 | Lair:1   | 10400 ||| INVOKING Heroism.
 10455 | Lair:1   | 10455 ||| INVOKING Heroism.
 10468 | Lair:1   | Reached skill level 6 in Shields
 10573 | Lair:1   | 10573 ||| Stepping ~*~*~tactically~*~*~ (hiding).
 10587 | Lair:1   | 10587 ||| INVOKING Heroism.
 10662 | Lair:1   | 10662 ||| Stepping ~*~*~tactically~*~*~ (stealth).
 10677 | Lair:1   | Reached **** piety under Okawaru
 10678 | Lair:1   | Reached skill level 9 in Armour
 10683 | Lair:1   | 10683 ||| INVOKING Heroism.
 10700 | Lair:1   | 10700 ||| INVOKING Heroism.
 10731 | Lair:1   | 10731 ||| INVOKING Heroism.
 10748 | Lair:1   | Reached XP level 12. HP: 56/77 MP: 15/15
 10977 | Lair:1   | 10977 ||| INVOKING Heroism.
 11087 | Lair:1   | Noticed a boulder beetle
 11088 | Lair:1   | 11088 ||| INVOKING Heroism.
 11112 | Lair:1   | 11112 ||| INVOKING Heroism.
 11121 | Lair:1   | Killed a boulder beetle
 11232 | Lair:1   | 11232 ||| INVOKING Heroism.
 11264 | Lair:1   | 11264 ||| INVOKING Heroism.
 11690 | Lair:1   | 11690 ||| UPGRADING to +0 cloak.
 11741 | Lair:2   | 11741 ||| STAIRDANCE
 11743 | Lair:1   | 11743 ||| INVOKING Heroism.
 11999 | Lair:2   | Received a gift from Okawaru
 12045 | Lair:2   | 12045 ||| INVOKING Heroism.
 12262 | Lair:2   | Received a gift from Okawaru
 12311 | Lair:2   | Found a dark tunnel.
 12556 | Lair:2   | 12556 ||| INVOKING Heroism.
 12651 | Lair:2   | 12651 ||| Stepping ~*~*~tactically~*~*~ (hiding).
 12660 | Lair:2   | 12660 ||| INVOKING Heroism.
 12769 | Lair:2   | 12769 ||| INVOKING Heroism.
 12773 | Lair:2   | Reached skill level 13 in Axes
 12775 | Lair:2   | Reached skill level 6 in Invocations
 12912 | Lair:2   | 12912 ||| INVOKING Heroism.
 13026 | Lair:2   | 13026 ||| INVOKING Heroism.
 13109 | Lair:2   | Identified the +0 cloak of the Orb Guardian {Dex+2}
 13114 | Lair:2   | 13114 ||| INVOKING Heroism.
 13169 | Lair:2   | 13169 ||| READING scroll of enchant weapon.
 13169 | Lair:2   | 13169 ||| ENCHANTING +4 war axe.
 13195 | Lair:2   | 13195 ||| INVOKING Heroism.
 13487 | Lair:2   | 13487 ||| UPGRADING to +0 cloak of the Orb Guardian
                  | {Dex+2}.
 13497 | Lair:2   | 13497 ||| DROPPING +0 cloak.
 13534 | Lair:3   | Noticed a six-headed hydra
 13535 | Lair:3   | 13535 ||| INVOKING Heroism.
 13540 | Lair:3   | 13540 ||| SWAPPING to +0 hand axe of flaming.
 13548 | Lair:3   | Killed a one-headed hydra
 13549 | Lair:3   | 13549 ||| SWAPPING to +5 war axe.
 13553 | Lair:3   | Received a gift from Okawaru
 13574 | Lair:3   | 13574 ||| INVOKING Heroism.
 13594 | Lair:3   | 13594 ||| INVOKING Heroism.
 13606 | Lair:3   | HP: 15/78 [jumping spider (8)]
 13607 | Lair:3   | 13607 ||| READING 6 scrolls of teleportation.
 13608 | Lair:3   | 13608 ||| DRINKING 3 potions of heal wounds.
 13613 | Lair:3   | Reached XP level 13. HP: 37/83 MP: 18/18
 13629 | Lair:3   | 13629 ||| INVOKING Heroism.
 13638 | Lair:3   | Found a hole to the Spider Nest.
 13893 | Lair:3   | 13893 ||| INVOKING Heroism.
 14171 | Lair:3   | Noticed Urug
 14172 | Lair:3   | 14172 ||| INVOKING Heroism.
 14197 | Lair:3   | Killed Urug
 14357 | Lair:3   | Found a staircase to the Shoals.
 14358 | Lair:3   | 14358 ||| INVOKING Heroism.
 14929 | Lair:3   | 14929 ||| UPGRADING to scarf of repulsion.
 14939 | Lair:3   | 14939 ||| READING scroll labelled JIOBARCH IDIVO.
 14970 | Lair:4   | Reached skill level 14 in Axes
 14999 | Lair:4   | 14999 ||| INVOKING Heroism.
 15019 | Lair:4   | Received a gift from Okawaru
 15107 | Lair:4   | 15107 ||| INVOKING Heroism.
 15280 | Lair:4   | 15280 ||| Stepping ~*~*~tactically~*~*~ (hiding).
 15286 | Lair:4   | 15286 ||| INVOKING Heroism.
 15420 | Lair:4   | 15420 ||| INVOKING Heroism.
 15433 | Lair:4   | Reached skill level 9 in Invocations
 15443 | Lair:4   | Noticed Sonja
 15445 | Lair:4   | 15445 ||| Stepping ~*~*~tactically~*~*~ (hiding).
 15447 | Lair:4   | 15447 ||| Stepping ~*~*~tactically~*~*~ (hiding).
 15449 | Lair:4   | 15449 ||| Stepping ~*~*~tactically~*~*~ (hiding).
 15454 | Lair:4   | 15454 ||| INVOKING Heroism.
 15467 | Lair:4   | HP: 20/83 [Sonja/+0 dagger of distortion (6)]
 15468 | Lair:4   | 15468 ||| READING 5 scrolls of teleportation.
 15470 | Lair:4   | 15470 ||| Stepping ~*~*~tactically~*~*~ (hiding).
 15471 | Lair:4   | 15471 ||| Stepping ~*~*~tactically~*~*~ (hiding).
 15485 | Lair:4   | HP: 18/83 [Sonja/+0 dagger of distortion (8)]
 15486 | Lair:4   | 15486 ||| READING 4 scrolls of teleportation.
 15487 | Lair:4   | 15487 ||| DRINKING 2 potions of heal wounds.
 15488 | Lair:4   | 15488 ||| INVOKING Heroism.
 15489 | Abyss:1  | Cast into level 1 of the Abyss (Sonja)
 15550 | Abyss:1  | 15550 ||| Stepping ~*~*~tactically~*~*~ (stealth).
 15597 | Abyss:1  | 15597 ||| Stepping ~*~*~tactically~*~*~ (stealth).
 15599 | Abyss:1  | 15599 ||| Stepping ~*~*~tactically~*~*~ (stealth).
 15603 | Abyss:1  | 15603 ||| INVOKING Heroism.
 15630 | Abyss:1  | HP: 10/84 [smoke demon/divine providence (12)]
 15631 | Abyss:1  | 15631 ||| READING 3 scrolls of teleportation.
 15632 | Abyss:1  | 15632 ||| DRINKING potion of heal wounds.
 15633 | Abyss:1  | 15633 ||| INVOKING Heroism.
 15699 | Abyss:1  | 15699 ||| Stepping ~*~*~tactically~*~*~ (stealth).
 15701 | Abyss:1  | 15701 ||| INVOKING Heroism.
 15791 | Abyss:1  | Noticed a starcursed mass
 15792 | Abyss:1  | 15792 ||| Stepping ~*~*~tactically~*~*~ (stealth).
 15811 | Abyss:1  | Found a corrupted altar of Lugonu.
 15812 | Abyss:1  | Found a corrupted altar of Lugonu.
 15856 | Abyss:1  | 15856 ||| INVOKING Heroism.
 15873 | Abyss:1  | 15873 ||| Stepping ~*~*~tactically~*~*~ (stealth).
 15876 | Abyss:1  | 15876 ||| Stepping ~*~*~tactically~*~*~ (hiding).
 15893 | Abyss:1  | 15893 ||| INVOKING Heroism.
 15893 | Abyss:1  | Gained mutation: Armour fits poorly on your strangely
                  | shaped body. [a neqoxec]
 15896 | Abyss:1  | HP: 20/84 [starcursed mass/accursed screaming (11)]
 15897 | Abyss:1  | 15897 ||| READING 2 scrolls of teleportation.
 15903 | Abyss:1  | HP: 3/84 [death drake (8)]
 15903 | Abyss:1  | Killed from afar by a starcursed mass

Levels and vault maps discovered:
D:1:      shiori_arrival_elements, layout_basic, chequers_serial_rivers_micro_e
D:2:      layout_rooms, nicolae_shop_vocational, uniq_sigmund
D:3:      layout_loops_cross, mainiacjoe_overflow_concentric_impassable,
          lexackson_kobold_supper, uniq_crazy_yiuf_cottage
D:4:      layout_rooms, nzn_wu_jian_council_hall, kennysheep_generic_room_8,
          uniq_robin, uniq_pikel, uniq_natasha
D:5:      layout_gridville, okawaru_metal_pillars_3, hangedman_minor_gate_pass,
          uniq_duvessa
D:6:      layout_basic, general_overflow_altar, nicolae_ashenzari_skybound,
          temple_statues
D:7:      layout_loops_corners, fiery_altar_vehumet,
          makhleb_blood_cavern_becter, gammafunk_temple_overflow_statue,
          uniq_prince_ribbit1
D:8:      kennysheep_steamy, layout_rooms, serial_shops, shop_statue,
          kennysheep_mini, shop, serial_rivers, chequers_serial_rivers_room_a,
          chequers_serial_rivers_micro_b, chequers_serial_rivers_micro_d,
          chequers_serial_rivers_micro_e, chequers_serial_rivers_micro_a,
          chequers_serial_rivers_micro_c, nrook_campfire, uniq_psyche
D:9:      layout_stronghold, grunt_temple_overflow_open, nrook_loot_triangle
D:10:     layout_rooms, xom_teletrap_fun, mainiacjoe_overflow_brackets,
          due_lair_maze_entry_diamond, minmay_orc_entry_temple_small,
          small_statue_alley_a, minmay_chambers_of_fives
Lair:1:   layout_loops_ring, cheibrodos_lair_caveside_slide, grunt_megastairs_5
Lair:2:   layout_small_grid, enter_volcano_3
Lair:3:   pond_and_an_island_with_a_cottage, layout_regular_city,
          minmay_shoals_entry_beasts, spider_nest_entry_a, minivault_24,
          lemuel_old_faithful, lemuel_fruit_tree, serial_bayou_shore_a,
          uniq_urug
Lair:4:   layout_concentric_octagons, fungi_pond_lemuel, grunt_megastairs_4,
          uniq_sonja
Abyss:1:  base:
Lair:1

Skill      XL: |  1  2  3  4  5  6  7  8  9 10 11 12 13 |
---------------+----------------------------------------+-----
Axes           | 2 3 5 7 8 10 11 12 13 14 | 14.2
Fighting       | 4 5 6 7 9 10 11 | 11.0
Dodging        | 1 2 |  2.2
Armour         | 4 5 6 9 10 | 10.1
Shields        | 4 5 6 7 |  7.0
Invocations    | 4 5 7 9 |  9.0
Throwing       | 3 4 5 |  5.1

Action                     |  1- 3 |  4- 6 |  7- 9 | 10-12 | 13-15 || total
---------------------------+-------+-------+-------+-------+-------++-------
  Melee: War axe           |    68 |   161 |   314 |   690 |   317 ||  1550
         Hand axe          |       |       |       |     8 |       ||     8
  Throw: Boomerang         |       |       |     1 |       |       ||     1
         Javelin           |       |       |       |    14 |    18 ||    32
 Invoke: Heroism           |       |       |     3 |    38 |    15 ||    56
    Use: Scroll            |     4 |     5 |     4 |     7 |     5 ||    25
         Potion            |       |     1 |     4 |     4 |     2 ||    11
 Armour: Scale mail        |    29 |    70 |       |       |       ||    99
         Chain mail        |       |    34 |   230 |   125 |       ||   389
         Plate armour      |       |       |       |   353 |   185 ||   538
  Dodge: Dodged            |    17 |    51 |   152 |   256 |   104 ||   580
  Block: Buckler           |     6 |    29 |    86 |   159 |    86 ||   366

Table legend:
 A = Non-vault XP
 B = Vault XP
 C = Vault XP percentage of total XP
 D = Non-vault monster count
 E = Vault monster count
 F = Vault count percentage of total count
                 A         B        C        D         E       F
            +---------+---------+-------+---------+---------+-------
      Total |   37426 |   10845 |  22.5 |     299 |      81 |  21.3
            +---------+---------+-------+---------+---------+-------
        D:1 |      54 |       0 |   0.0 |      24 |       0 |   0.0
        D:2 |      42 |     223 |  84.2 |      21 |       1 |   4.5
        D:3 |     141 |      10 |   6.6 |      26 |       8 |  23.5
        D:4 |     226 |     669 |  74.7 |      17 |      15 |  46.9
        D:5 |     797 |     477 |  37.4 |      19 |       9 |  32.1
        D:6 |    1147 |       0 |   0.0 |      19 |       0 |   0.0
        D:7 |    1206 |     365 |  23.2 |      16 |       3 |  15.8
        D:8 |    1251 |     729 |  36.8 |      18 |       3 |  14.3
        D:9 |    1977 |       0 |   0.0 |      27 |       0 |   0.0
       D:10 |    1518 |    3612 |  70.4 |      10 |      21 |  67.7
     Lair:1 |    6718 |     884 |  11.6 |      27 |       7 |  20.6
     Lair:2 |    8083 |     305 |   3.6 |      25 |       2 |   7.4
     Lair:3 |    4783 |    3571 |  42.7 |      15 |      12 |  44.4
     Lair:4 |    5551 |       0 |   0.0 |      19 |       0 |   0.0
    Abyss:1 |    3932 |       0 |   0.0 |      16 |       0 |   0.0
            +---------+---------+-------+---------+---------+-------
